BlackHawks vs Rangers

Created - December 12 2010 at 15:59

Goals
1 2 3 T
BlackHawks 1 2 0 3
Rangers 0 0 0 0
Shots
1 2 3 T
BlackHawks 16 8 6 30
Rangers 8 10 6 24

Period #1

1. BlackHawks , Tyler Kennedy 6 (Mattias Ohlund, Paul Kariya) at 14:11 (PP)

Penalties :
Jim Slater (NYR) for Hooking (Minor) at 1:51, Andy Sutton (NYR) for Hooking (Minor) at 4:24, Jim Slater (NYR) for High sticking (Minor) at 6:59, Andy Sutton (NYR) for Slashing (Minor) at 9:05, Scott Gomez (NYR) for Hooking (Minor) at 13:23, Hal Gill (CHI) for Interference (Minor) at 18:36

Period #2

2. BlackHawks , Adam Foote 3 (Josh Bailey, Kris Russell) at 5:05
3. BlackHawks , Patrik Berglund 2 (David Booth, Ron Hainsey) at 19:18 (PP)

Penalties :
Tyler Kennedy (CHI) for Interference (Minor) at 0:40, Hal Gill (CHI) for Hooking (Minor) at 1:05, David Booth (CHI) for Slashing (Minor) at 6:10, Mattias Ohlund (CHI) for Roughing (Minor) at 8:36, Keith Ballard (NYR) for Interference (Minor) at 13:33, Samuel Pahlsson (CHI) for Delaying the game (Minor) at 15:54, Antti Miettinen (NYR) for Cross-checking (Minor) at 18:07

Period #3

No Goal

Penalties :
Hal Gill (CHI) for Hooking (Minor) at 1:14, Wayne Primeau (CHI) for Tripping (Minor) at 1:39, Patrik Berglund (CHI) for High sticking (Minor) at 6:20, Evander Kane (NYR) for Cross-checking (Minor) at 11:53, Ron Hainsey (CHI) for Hooking (Minor) at 15:58

Goalie Stats

Cristobal Huet (CHI), 24 saves from 24 shots - (1.000), W, 12-16-2, 60:00 minutes
Chris Mason (NYR), 27 saves from 30 shots - (0.900), L, 9-17-1, 60:00 minutes

Players Stats

BlackHawks
Player Name              G  A  P  +/- PIM S  H  SB FO    MP 
------------------------------------------------------------
Adam Foote               1  0  1   1  0   2  1  1  0/0   18 
Ales Hemsky              0  0  0   0  0   5  0  0  1/2   16 
Artem Anisimov           0  0  0   0  0   1  1  0  8/19  13 
Chris Neil               0  0  0   1  0   2  3  0  1/1   17 
Cory Stillman            0  0  0   0  0   2  3  0  1/1   15 
David Booth              0  1  1   0  2   0  3  0  0/1   14 
Hal Gill                 0  0  0   0  6   0  1  0  0/0   15 
Josh Bailey              0  1  1   1  0   3  0  0  0/2   17 
Kris Russell             0  1  1   1  0   0  0  1  0/0   20 
Matt DAgostini           0  0  0   0  0   0  0  0  0/0   7  
Mattias Ohlund           0  1  1   0  2   0  2  0  0/0   23 
Patrik Berglund          1  0  1   0  2   1  1  0  6/14  14 
Paul Kariya              0  1  1   0  0   2  0  0  2/4   6  
Ron Hainsey              0  1  1   0  2   3  0  0  0/0   22 
Samuel Pahlsson          0  0  0   0  2   0  1  0  9/18  12 
Tobias Enstrom           0  0  0   0  0   3  0  0  0/0   20 
Tyler Kennedy            1  0  1   0  2   5  3  0  0/4   14 
Wayne Primeau            0  0  0   1  2   1  0  0  6/19  17 
Rangers
Player Name              G  A  P  +/- PIM S  H  SB FO    MP 
------------------------------------------------------------
Andrei Kostitsyn         0  0  0  -1  0   2  0  0  1/2   13 
Andy Sutton              0  0  0   0  4   0  2  2  0/0   14 
Antti Miettinen          0  0  0   0  2   1  0  0  1/2   15 
Bill Guerin              0  0  0   0  0   1  0  0  0/0   14 
Dan Cleary               0  0  0   0  0   0  4  0  1/1   20 
Dustin Penner            0  0  0   0  0   5  0  0  0/0   16 
Evander Kane             0  0  0  -1  2   0  0  0  0/0   4  
Jeff Finger              0  0  0   0  0   2  1  1  0/0   20 
Jim Slater               0  0  0   0  4   1  3  0  9/10  13 
Keith Ballard            0  0  0  -1  2   1  4  0  0/0   23 
Lubomir Visnovsky        0  0  0   0  0   1  0  0  0/0   20 
Mike Weaver              0  0  0   0  0   1  0  1  0/0   19 
Mikko Koivu              0  0  0   0  0   1  0  0  18/31 21 
Patrick OSullivan        0  0  0   0  0   0  1  0  1/2   9  
Scott Gomez              0  0  0   0  2   3  0  0  14/24 20 
Teemu Selanne            0  0  0   0  0   3  0  0  2/2   14 
Tom Pyatt                0  0  0  -1  0   0  1  0  4/11  10 
Trevor Daley             0  0  0  -1  0   2  0  1  0/0   22 

3 Stars

1 - Cristobal Huet (CHI)
2 - Adam Foote (CHI)
3 - Tyler Kennedy (CHI)

Power Play

BlackHawks - 2 on 8 Attempt(s) - 25.00%
Rangers - 0 on 10 Attempt(s) - 0.00%

Penalty Kill

BlackHawks - 10 on 10 Attempt(s) - 100.00% - Score 0 goal in Penalty Kill
Rangers - 6 on 8 Attempt(s) - 75.00% - Score 0 goal in Penalty Kill

Game Notes

No Game Note

Finance

Level 1 -- Attendance: 3384 (52.06%) -- Ticket Income $423,000.00
Level 2 -- Attendance: 2968 (59.36%) -- Ticket Income $222,600.00
Level 3 -- Attendance: 1816 (51.89%) -- Ticket Income $90,800.00
Level 4 -- Attendance: 1782 (81.00%) -- Ticket Income $44,550.00
Luxury Box -- Attendance: 567 (56.70%) -- Ticket Income $141,750.00
Game was played at the Madison Square Garden
Total Attendance: 10517 (57.79%)
Total Ticket Income: $1,012,885.00
Other Income: $198,936.60
Total Income: $1,211,822.00


Play by Play

Period #1

0:01 of 1st period - Mikko Koivu wins face-off versus Artem Anisimov in neutral zone.
0:16 of 1st period - Keith Ballard is hit by Artem Anisimov and loses puck.
0:29 of 1st period - Shot by Ales Hemsky.
0:29 of 1st period - Stopped by Chris Mason with a rebound.
0:31 of 1st period - Shot by Ales Hemsky.
0:31 of 1st period - Stopped by Chris Mason without a rebound.
0:32 of 1st period - Scott Gomez wins face-off versus Patrik Berglund in Rangers zone.
0:32 of 1st period - Trevor Daley is hit by Tyler Kennedy.
0:38 of 1st period - Shot by Tyler Kennedy.
0:38 of 1st period - Stopped by Chris Mason without a rebound.
0:39 of 1st period - Jim Slater wins face-off versus Wayne Primeau in Rangers zone.
1:00 of 1st period - Shot by Bill Guerin.
1:00 of 1st period - Deflect By Jim Slater.
1:00 of 1st period - Stopped by Cristobal Huet without a rebound.
1:01 of 1st period - Scott Gomez wins face-off versus Patrik Berglund in BlackHawks zone.
1:10 of 1st period - Shot by Dustin Penner.
1:10 of 1st period - Shot Misses the Net.
1:12 of 1st period - Shot by Scott Gomez.
1:12 of 1st period - Deflect By Dustin Penner.
1:12 of 1st period - Stopped by Cristobal Huet with a rebound.
1:16 of 1st period - Shot by Scott Gomez.
1:16 of 1st period - Stopped by Cristobal Huet without a rebound.
1:17 of 1st period - Artem Anisimov wins face-off versus Mikko Koivu in BlackHawks zone.
1:17 of 1st period - Artem Anisimov is hit by Dan Cleary.
1:27 of 1st period - Shot by Ales Hemsky.
1:27 of 1st period - Stopped by Chris Mason without a rebound.
1:28 of 1st period - Jim Slater wins face-off versus Wayne Primeau in Rangers zone.
1:51 of 1st period - Minor Penalty to Jim Slater for Hooking.
1:52 of 1st period - Patrik Berglund wins face-off versus Mikko Koivu in Rangers zone.
2:27 of 1st period - Scott Gomez is hit by Patrik Berglund and loses puck.
3:16 of 1st period - Tom Pyatt is hit by Cory Stillman and loses puck.
3:49 of 1st period - Shot by Ron Hainsey.
3:49 of 1st period - Stopped by Chris Mason without a rebound.
3:50 of 1st period - Artem Anisimov wins face-off versus Tom Pyatt in Rangers zone.
3:51 of 1st period - Shot by Ales Hemsky.
3:51 of 1st period - Stopped by Chris Mason without a rebound.
3:52 of 1st period - Jim Slater wins face-off versus Josh Bailey in Rangers zone.
4:09 of 1st period - Shot by Bill Guerin.
4:09 of 1st period - Stopped by Cristobal Huet with a rebound.
4:24 of 1st period - Minor Penalty to Andy Sutton for Hooking.
4:25 of 1st period - Mikko Koivu wins face-off versus Patrik Berglund in Rangers zone.
4:25 of 1st period - Mikko Koivu is hit by David Booth.
4:35 of 1st period - Mikko Koivu is hit by Tyler Kennedy and loses puck.
4:48 of 1st period - Ron Hainsey is hit by Tom Pyatt and loses puck.
5:16 of 1st period - Icing by Cory Stillman.
5:17 of 1st period - Tom Pyatt wins face-off versus Artem Anisimov in BlackHawks zone.
6:07 of 1st period - Shot by Kris Russell.
6:07 of 1st period - Deflect By Paul Kariya.
6:07 of 1st period - Stopped by Chris Mason without a rebound.
6:08 of 1st period - Artem Anisimov wins face-off versus Tom Pyatt in Rangers zone.
6:27 of 1st period - Shot by Chris Neil.
6:27 of 1st period - Stopped by Chris Mason without a rebound.
6:28 of 1st period - Wayne Primeau wins face-off versus Jim Slater in Rangers zone.
6:59 of 1st period - Minor Penalty to Jim Slater for High sticking.
7:00 of 1st period - Mikko Koivu wins face-off versus Patrik Berglund in Rangers zone.
9:05 of 1st period - Minor Penalty to Andy Sutton for Slashing.
9:06 of 1st period - Paul Kariya wins face-off versus Tom Pyatt in Rangers zone.
9:29 of 1st period - Shot by Tobias Enstrom.
9:29 of 1st period - Shot Blocked by Jeff Finger.
9:31 of 1st period - Shot by Josh Bailey.
9:31 of 1st period - Stopped by Chris Mason without a rebound.
9:32 of 1st period - Mikko Koivu wins face-off versus Patrik Berglund in Rangers zone.
9:44 of 1st period - Shot by Mattias Ohlund.
9:44 of 1st period - Shot Misses the Net.
9:46 of 1st period - Shot by Ron Hainsey.
9:46 of 1st period - Stopped by Chris Mason without a rebound.
9:47 of 1st period - Artem Anisimov wins face-off versus Tom Pyatt in Rangers zone.
10:44 of 1st period - Mike Weaver is hit by David Booth.
11:22 of 1st period - Shot by Wayne Primeau.
11:22 of 1st period - Shot Blocked by Andy Sutton.
11:24 of 1st period - Shot by Kris Russell.
11:24 of 1st period - Shot Blocked by Andy Sutton.
12:03 of 1st period - Paul Kariya is hit by Andy Sutton and loses puck.
12:11 of 1st period - Icing by Antti Miettinen.
12:12 of 1st period - Jim Slater wins face-off versus Tyler Kennedy in Rangers zone.
12:55 of 1st period - Off-side.
12:56 of 1st period - Scott Gomez wins face-off versus Wayne Primeau in neutral zone.
13:23 of 1st period - Minor Penalty to Scott Gomez for Hooking.
13:24 of 1st period - Cory Stillman wins face-off versus Mikko Koivu in Rangers zone.
13:25 of 1st period - Shot by Tobias Enstrom.
13:25 of 1st period - Stopped by Chris Mason with a rebound.
13:53 of 1st period - Shot by Ales Hemsky.
13:53 of 1st period - Stopped by Chris Mason without a rebound.
13:54 of 1st period - Mikko Koivu wins face-off versus Paul Kariya in Rangers zone.
14:09 of 1st period - Shot by Tyler Kennedy.
14:09 of 1st period - Stopped by Chris Mason with a rebound.
14:11 of 1st period - Shot by Tyler Kennedy.
14:11 of 1st period - Goal by Tyler Kennedy - BlackHawks : 1 - Rangers : 0.
14:12 of 1st period - Wayne Primeau wins face-off versus Mikko Koivu in neutral zone.
14:38 of 1st period - Shot by Dan Cleary.
14:38 of 1st period - Deflect By Teemu Selanne.
14:38 of 1st period - Stopped by Cristobal Huet without a rebound.
14:39 of 1st period - Samuel Pahlsson wins face-off versus Antti Miettinen in BlackHawks zone.
14:39 of 1st period - Samuel Pahlsson is hit by Jim Slater.
14:44 of 1st period - Tobias Enstrom is hit by Andy Sutton and loses puck.
15:14 of 1st period - Shot by Mike Weaver.
15:14 of 1st period - Stopped by Cristobal Huet without a rebound.
15:15 of 1st period - Patrik Berglund wins face-off versus Scott Gomez in BlackHawks zone.
15:41 of 1st period - Shot by Dustin Penner.
15:41 of 1st period - Shot Misses the Net.
15:53 of 1st period - David Booth is hit by Patrick OSullivan and loses puck.
16:44 of 1st period - Shot by Wayne Primeau.
16:44 of 1st period - Shot Misses the Net.
16:46 of 1st period - Shot by Chris Neil.
16:46 of 1st period - Stopped by Chris Mason without a rebound.
16:47 of 1st period - Jim Slater wins face-off versus Artem Anisimov in Rangers zone.
17:00 of 1st period - Ales Hemsky is hit by Jim Slater and loses puck.
17:07 of 1st period - Jim Slater is hit by Cory Stillman and loses puck.
17:23 of 1st period - Icing by Mike Weaver.
17:24 of 1st period - Jim Slater wins face-off versus Samuel Pahlsson in Rangers zone.
17:41 of 1st period - Shot by Paul Kariya.
17:41 of 1st period - Stopped by Chris Mason with a rebound.
18:06 of 1st period - Antti Miettinen is hit by Chris Neil and loses puck.
18:24 of 1st period - Off-side.
18:25 of 1st period - Mikko Koivu wins face-off versus Tyler Kennedy in neutral zone.
18:25 of 1st period - Mikko Koivu is hit by Tyler Kennedy.
18:36 of 1st period - Minor Penalty to Hal Gill for Interference.
18:37 of 1st period - Samuel Pahlsson wins face-off versus Scott Gomez in BlackHawks zone.
18:54 of 1st period - Shot by Andrei Kostitsyn.
18:54 of 1st period - Stopped by Cristobal Huet without a rebound.
18:55 of 1st period - Wayne Primeau wins face-off versus Mikko Koivu in BlackHawks zone.
19:22 of 1st period - Shot by Jeff Finger.
19:22 of 1st period - Stopped by Cristobal Huet without a rebound.
19:23 of 1st period - Scott Gomez wins face-off versus Wayne Primeau in BlackHawks zone.
19:47 of 1st period - Icing by Scott Gomez.
19:48 of 1st period - Scott Gomez wins face-off versus Wayne Primeau in Rangers zone.

Period #2

0:01 of 2nd period - Scott Gomez wins face-off versus Samuel Pahlsson in neutral zone.
0:27 of 2nd period - Shot by Scott Gomez.
0:27 of 2nd period - Shot Misses the Net.
0:34 of 2nd period - Icing by Dustin Penner.
0:35 of 2nd period - Samuel Pahlsson wins face-off versus Andrei Kostitsyn in Rangers zone.
0:40 of 2nd period - Minor Penalty to Tyler Kennedy for Interference.
0:41 of 2nd period - Mikko Koivu wins face-off versus Samuel Pahlsson in BlackHawks zone.
1:03 of 2nd period - Teemu Selanne is hit by Adam Foote and loses puck.
1:05 of 2nd period - Minor Penalty to Hal Gill for Hooking.
1:06 of 2nd period - Scott Gomez wins face-off versus Samuel Pahlsson in BlackHawks zone.
1:15 of 2nd period - Shot by Keith Ballard.
1:15 of 2nd period - Stopped by Cristobal Huet with a rebound.
1:17 of 2nd period - Shot by Keith Ballard.
1:17 of 2nd period - Shot Blocked by Adam Foote.
1:21 of 2nd period - Shot by Scott Gomez.
1:21 of 2nd period - Shot Misses the Net.
1:25 of 2nd period - Shot by Scott Gomez.
1:25 of 2nd period - Stopped by Cristobal Huet without a rebound.
1:26 of 2nd period - Mikko Koivu wins face-off versus Wayne Primeau in BlackHawks zone.
1:39 of 2nd period - Shot by Teemu Selanne.
1:39 of 2nd period - Shot Misses the Net.
1:41 of 2nd period - Shot by Mikko Koivu.
1:41 of 2nd period - Stopped by Cristobal Huet with a rebound.
1:43 of 2nd period - Shot by Jeff Finger.
1:43 of 2nd period - Shot Misses the Net.
1:45 of 2nd period - Shot by Trevor Daley.
1:45 of 2nd period - Stopped by Cristobal Huet without a rebound.
1:46 of 2nd period - Samuel Pahlsson wins face-off versus Scott Gomez in BlackHawks zone.
2:11 of 2nd period - Shot by Dustin Penner.
2:11 of 2nd period - Shot Misses the Net.
2:13 of 2nd period - Shot by Dustin Penner.
2:13 of 2nd period - Stopped by Cristobal Huet without a rebound.
2:14 of 2nd period - Teemu Selanne wins face-off versus Wayne Primeau in BlackHawks zone.
2:17 of 2nd period - Shot by Jeff Finger.
2:17 of 2nd period - Stopped by Cristobal Huet without a rebound.
2:18 of 2nd period - Mikko Koivu wins face-off versus Wayne Primeau in BlackHawks zone.
3:41 of 2nd period - Andy Sutton is hit by Hal Gill and loses puck.
5:03 of 2nd period - Shot by Josh Bailey.
5:03 of 2nd period - Shot Misses the Net.
5:05 of 2nd period - Shot by Adam Foote.
5:05 of 2nd period - Goal by Adam Foote - BlackHawks : 2 - Rangers : 0.
5:06 of 2nd period - Teemu Selanne wins face-off versus Paul Kariya in neutral zone.
5:56 of 2nd period - Icing by Jeff Finger.
5:57 of 2nd period - Mikko Koivu wins face-off versus Patrik Berglund in Rangers zone.
6:01 of 2nd period - Icing by Teemu Selanne.
6:02 of 2nd period - Patrik Berglund wins face-off versus Mikko Koivu in Rangers zone.
6:10 of 2nd period - Minor Penalty to David Booth for Slashing.
6:11 of 2nd period - Samuel Pahlsson wins face-off versus Scott Gomez in BlackHawks zone.
6:17 of 2nd period - Icing by Andrei Kostitsyn.
6:18 of 2nd period - Samuel Pahlsson wins face-off versus Scott Gomez in Rangers zone.
6:50 of 2nd period - Shot by Dustin Penner.
6:50 of 2nd period - Shot Misses the Net.
7:03 of 2nd period - Icing by Mikko Koivu.
7:04 of 2nd period - Chris Neil wins face-off versus Mikko Koivu in Rangers zone.
7:15 of 2nd period - Shot by Teemu Selanne.
7:15 of 2nd period - Stopped by Cristobal Huet without a rebound.
7:16 of 2nd period - Scott Gomez wins face-off versus Samuel Pahlsson in BlackHawks zone.
7:19 of 2nd period - Shot by Dustin Penner.
7:19 of 2nd period - Stopped by Cristobal Huet without a rebound.
7:20 of 2nd period - Samuel Pahlsson wins face-off versus Scott Gomez in BlackHawks zone.
7:32 of 2nd period - Off-side.
7:33 of 2nd period - Dan Cleary wins face-off versus Wayne Primeau in neutral zone.
8:34 of 2nd period - Bill Guerin is hit by Mattias Ohlund and loses puck.
8:36 of 2nd period - Minor Penalty to Mattias Ohlund for Roughing.
8:37 of 2nd period - Wayne Primeau wins face-off versus Scott Gomez in BlackHawks zone.
10:07 of 2nd period - Shot by Teemu Selanne.
10:07 of 2nd period - Stopped by Cristobal Huet with a rebound.
10:49 of 2nd period - Shot by Ales Hemsky.
10:49 of 2nd period - Deflect By Artem Anisimov.
10:49 of 2nd period - Stopped by Chris Mason with a rebound.
10:51 of 2nd period - Shot by Tobias Enstrom.
10:51 of 2nd period - Stopped by Chris Mason without a rebound.
10:52 of 2nd period - Jim Slater wins face-off versus Tyler Kennedy in Rangers zone.
13:08 of 2nd period - Kris Russell is hit by Keith Ballard and loses puck.
13:28 of 2nd period - David Booth is hit by Keith Ballard and loses puck.
13:32 of 2nd period - Patrik Berglund is hit by Keith Ballard.
13:33 of 2nd period - Minor Penalty to Keith Ballard for Interference.
13:34 of 2nd period - Mikko Koivu wins face-off versus Artem Anisimov in Rangers zone.
13:43 of 2nd period - Shot by Tobias Enstrom.
13:43 of 2nd period - Stopped by Chris Mason without a rebound.
13:44 of 2nd period - Mikko Koivu wins face-off versus Tyler Kennedy in Rangers zone.
14:05 of 2nd period - Shot by Ron Hainsey.
14:05 of 2nd period - Stopped by Chris Mason with a rebound.
14:39 of 2nd period - Shot by Ales Hemsky.
14:39 of 2nd period - Deflect By Cory Stillman.
14:39 of 2nd period - Stopped by Chris Mason without a rebound.
14:40 of 2nd period - Artem Anisimov wins face-off versus Patrick OSullivan in Rangers zone.
14:48 of 2nd period - Icing by Tobias Enstrom.
14:49 of 2nd period - Patrick OSullivan wins face-off versus Artem Anisimov in BlackHawks zone.
15:09 of 2nd period - Off-side.
15:10 of 2nd period - Tom Pyatt wins face-off versus Patrik Berglund in neutral zone.
15:23 of 2nd period - Shot by Tyler Kennedy.
15:23 of 2nd period - Shot Misses the Net.
15:25 of 2nd period - Shot by Ron Hainsey.
15:25 of 2nd period - Shot Misses the Net.
15:27 of 2nd period - Shot by Mattias Ohlund.
15:27 of 2nd period - Shot Misses the Net.
15:29 of 2nd period - Shot by Tyler Kennedy.
15:29 of 2nd period - Stopped by Chris Mason without a rebound.
15:30 of 2nd period - Mikko Koivu wins face-off versus Artem Anisimov in Rangers zone.
15:50 of 2nd period - Icing by Keith Ballard.
15:51 of 2nd period - Tom Pyatt wins face-off versus Samuel Pahlsson in Rangers zone.
15:51 of 2nd period - Tom Pyatt is hit by Samuel Pahlsson.
15:54 of 2nd period - Minor Penalty to Samuel Pahlsson for Delaying the game.
15:55 of 2nd period - Scott Gomez wins face-off versus Ales Hemsky in BlackHawks zone.
16:04 of 2nd period - Shot by Lubomir Visnovsky.
16:04 of 2nd period - Shot Misses the Net.
16:06 of 2nd period - Shot by Scott Gomez.
16:06 of 2nd period - Stopped by Cristobal Huet with a rebound.
16:08 of 2nd period - Shot by Scott Gomez.
16:08 of 2nd period - Shot Misses the Net.
16:10 of 2nd period - Shot by Andrei Kostitsyn.
16:10 of 2nd period - Shot Misses the Net.
16:25 of 2nd period - Andrei Kostitsyn is hit by Mattias Ohlund and loses puck.
17:35 of 2nd period - Icing by Scott Gomez.
17:36 of 2nd period - Wayne Primeau wins face-off versus Scott Gomez in Rangers zone.
18:00 of 2nd period - Icing by Paul Kariya.
18:01 of 2nd period - Antti Miettinen wins face-off versus Samuel Pahlsson in BlackHawks zone.
18:07 of 2nd period - Minor Penalty to Antti Miettinen for Cross-checking.
18:08 of 2nd period - Artem Anisimov wins face-off versus Tom Pyatt in Rangers zone.
18:54 of 2nd period - Icing by Ron Hainsey.
18:55 of 2nd period - Mikko Koivu wins face-off versus Patrik Berglund in BlackHawks zone.
19:14 of 2nd period - Shot by Ron Hainsey.
19:14 of 2nd period - Shot Misses the Net.
19:16 of 2nd period - Shot by David Booth.
19:16 of 2nd period - Shot Misses the Net.
19:18 of 2nd period - Shot by Patrik Berglund.
19:18 of 2nd period - Goal by Patrik Berglund - BlackHawks : 3 - Rangers : 0.
19:19 of 2nd period - Jim Slater wins face-off versus Wayne Primeau in neutral zone.
19:19 of 2nd period - Bill Guerin is hit by Chris Neil and loses puck.
19:31 of 2nd period - Bill Guerin is hit by Chris Neil and loses puck.
19:42 of 2nd period - Off-side.
19:43 of 2nd period - Samuel Pahlsson wins face-off versus Mikko Koivu in neutral zone.
19:55 of 2nd period - Shot by Mikko Koivu.
19:55 of 2nd period - Shot Misses the Net.

Period #3

0:01 of 3rd period - Artem Anisimov wins face-off versus Mikko Koivu in neutral zone.
0:50 of 3rd period - Tyler Kennedy is hit by Dan Cleary and loses puck.
1:04 of 3rd period - Patrik Berglund is hit by Jeff Finger and loses puck.
1:11 of 3rd period - Shot by Dustin Penner.
1:11 of 3rd period - Shot Misses the Net.
1:13 of 3rd period - Shot by Trevor Daley.
1:13 of 3rd period - Stopped by Cristobal Huet with a rebound.
1:14 of 3rd period - Minor Penalty to Hal Gill for Hooking.
1:15 of 3rd period - Samuel Pahlsson wins face-off versus Scott Gomez in BlackHawks zone.
1:39 of 3rd period - Minor Penalty to Wayne Primeau for Tripping.
1:40 of 3rd period - Ales Hemsky wins face-off versus Mikko Koivu in BlackHawks zone.
1:49 of 3rd period - Cory Stillman is hit by Dan Cleary and loses puck.
3:57 of 3rd period - Shot by Antti Miettinen.
3:57 of 3rd period - Stopped by Cristobal Huet without a rebound.
3:58 of 3rd period - Andrei Kostitsyn wins face-off versus Artem Anisimov in BlackHawks zone.
4:11 of 3rd period - Icing by Mattias Ohlund.
4:12 of 3rd period - Scott Gomez wins face-off versus Artem Anisimov in BlackHawks zone.
4:55 of 3rd period - Dustin Penner is hit by Cory Stillman and loses puck.
5:29 of 3rd period - Shot by Chris Neil.
5:29 of 3rd period - Shot Misses the Net.
5:48 of 3rd period - Icing by Kris Russell.
5:49 of 3rd period - Mikko Koivu wins face-off versus Josh Bailey in BlackHawks zone.
6:14 of 3rd period - Ron Hainsey is hit by Dan Cleary and loses puck.
6:20 of 3rd period - Minor Penalty to Patrik Berglund for High sticking.
6:21 of 3rd period - Scott Gomez wins face-off versus Samuel Pahlsson in BlackHawks zone.
7:21 of 3rd period - Shot by Dan Cleary.
7:21 of 3rd period - Shot Misses the Net.
7:25 of 3rd period - Shot by Mikko Koivu.
7:25 of 3rd period - Deflect By Teemu Selanne.
7:25 of 3rd period - Shot Misses the Net.
7:45 of 3rd period - Shot by Antti Miettinen.
7:45 of 3rd period - Shot Blocked by Kris Russell.
8:05 of 3rd period - Shot by Antti Miettinen.
8:05 of 3rd period - Deflect By Dustin Penner.
8:05 of 3rd period - Stopped by Cristobal Huet without a rebound.
8:06 of 3rd period - Paul Kariya wins face-off versus Mikko Koivu in BlackHawks zone.
8:31 of 3rd period - Shot by Antti Miettinen.
8:31 of 3rd period - Shot Hit the Post.
8:35 of 3rd period - Shot by Bill Guerin.
8:35 of 3rd period - Deflect By Antti Miettinen.
8:35 of 3rd period - Shot Misses the Net.
8:41 of 3rd period - Shot by Lubomir Visnovsky.
8:41 of 3rd period - Shot Misses the Net.
8:43 of 3rd period - Shot by Bill Guerin.
8:43 of 3rd period - Shot Misses the Net.
8:45 of 3rd period - Shot by Lubomir Visnovsky.
8:45 of 3rd period - Stopped by Cristobal Huet without a rebound.
8:46 of 3rd period - Artem Anisimov wins face-off versus Tom Pyatt in BlackHawks zone.
9:35 of 3rd period - Shot by Wayne Primeau.
9:35 of 3rd period - Stopped by Chris Mason with a rebound.
9:37 of 3rd period - Shot by Adam Foote.
9:37 of 3rd period - Shot Blocked by Mike Weaver.
9:39 of 3rd period - Shot by Wayne Primeau.
9:39 of 3rd period - Shot Misses the Net.
9:41 of 3rd period - Shot by Josh Bailey.
9:41 of 3rd period - Stopped by Chris Mason with a rebound.
9:43 of 3rd period - Shot by Wayne Primeau.
9:43 of 3rd period - Shot Misses the Net.
9:47 of 3rd period - Shot by Chris Neil.
9:47 of 3rd period - Shot Misses the Net.
10:34 of 3rd period - Dustin Penner is hit by David Booth and loses puck.
10:58 of 3rd period - Icing by Hal Gill.
10:59 of 3rd period - Patrik Berglund wins face-off versus Mikko Koivu in BlackHawks zone.
11:29 of 3rd period - Off-side.
11:30 of 3rd period - Wayne Primeau wins face-off versus Tom Pyatt in neutral zone.
11:53 of 3rd period - Minor Penalty to Evander Kane for Cross-checking.
11:54 of 3rd period - Mikko Koivu wins face-off versus Artem Anisimov in Rangers zone.
12:15 of 3rd period - Shot by Cory Stillman.
12:15 of 3rd period - Stopped by Chris Mason without a rebound.
12:16 of 3rd period - Patrik Berglund wins face-off versus Mikko Koivu in Rangers zone.
12:18 of 3rd period - Tyler Kennedy is hit by Keith Ballard and loses puck.
13:01 of 3rd period - Icing by Tobias Enstrom.
13:02 of 3rd period - Mikko Koivu wins face-off versus Artem Anisimov in BlackHawks zone.
13:40 of 3rd period - Icing by Mattias Ohlund.
13:41 of 3rd period - Tom Pyatt wins face-off versus David Booth in BlackHawks zone.
13:55 of 3rd period - Off-side.
13:56 of 3rd period - Jim Slater wins face-off versus Wayne Primeau in neutral zone.
14:17 of 3rd period - Adam Foote is hit by Jim Slater and loses puck.
15:01 of 3rd period - Icing by Mikko Koivu.
15:02 of 3rd period - Mikko Koivu wins face-off versus Artem Anisimov in Rangers zone.
15:23 of 3rd period - Shot by Ales Hemsky.
15:23 of 3rd period - Shot Misses the Net.
15:25 of 3rd period - Shot by Cory Stillman.
15:25 of 3rd period - Shot Misses the Net.
15:43 of 3rd period - Shot by Tyler Kennedy.
15:43 of 3rd period - Stopped by Chris Mason without a rebound.
15:44 of 3rd period - Patrik Berglund wins face-off versus Scott Gomez in Rangers zone.
15:58 of 3rd period - Minor Penalty to Ron Hainsey for Hooking.
15:59 of 3rd period - Scott Gomez wins face-off versus Samuel Pahlsson in BlackHawks zone.
16:16 of 3rd period - Shot by Dustin Penner.
16:16 of 3rd period - Stopped by Cristobal Huet without a rebound.
16:17 of 3rd period - Scott Gomez wins face-off versus Wayne Primeau in BlackHawks zone.
19:02 of 3rd period - Shot by Andrei Kostitsyn.
19:02 of 3rd period - Stopped by Cristobal Huet without a rebound.
19:03 of 3rd period - Scott Gomez wins face-off versus Wayne Primeau in BlackHawks zone.
19:24 of 3rd period - Shot by Josh Bailey.
19:24 of 3rd period - Stopped by Chris Mason with a rebound.
19:26 of 3rd period - Shot by Adam Foote.
19:26 of 3rd period - Stopped by Chris Mason with a rebound.
19:30 of 3rd period - Shot by Josh Bailey.
19:30 of 3rd period - Shot Blocked by Trevor Daley.


Output by the SimonT Hockey Simulator (STHS) for Stephane Roy -- Original Page W3C XHTML 1.0 Valid